 Dungeon Crawl Stone Soup version 0.31.0-11-ge490571c62 (webtiles) character file.

Game seed: 7517126130749983711

9046 ces the Marksspriggan (level 11, -1/49 HPs)
             Began as a Spriggan Hunter on Jan 29, 2024.
             Was an Initiate of Gozag.
             Slain by a polar bear (18 damage)
             ... on level 10 of the Dungeon on Jan 30, 2024.
             The game lasted 00:32:00 (13513 turns).

ces the Marksspriggan (Spriggan Hunter)            Turns: 13513, Time: 00:32:01

Health: -1/49      AC:  2    Str:  7    XL:     11   Next: 17%
Magic:  12/12      EV: 31    Int: 12    God:    Gozag
Gold:   1352       SH:  0    Dex: 28    Spells: 10/10 levels left

rFire   . . .        a - +0 shortbow
rCold   + . .        (shield currently unavailable)
rNeg    . . .        c - +0 robe
rPois   .            (helmet restricted)
rElec   .            i - scarf {repulsion}
rCorr   .            (gloves unavailable)
SInv    +            (boots unavailable)
Will    +....        m - amulet of magic regeneration
Stlth   +++          D - ring of protection from cold
HPRegen 0.00/turn    y - +6 ring of dexterity
MPRegen 0.53/turn

%: repel missiles, clarity
@: inhibited regen, very quick
A: very small, no large weapons, unfitting armour, see invisible, speed 3,
clarity, inhibited regeneration, sturdy frame 1
a: Renounce Religion, Potion Petition, Call Merchant, Bribe Branch


You were on level 10 of the Dungeon.
You worshipped Gozag.
Gozag was most pleased with you.
You visited 2 branches of the dungeon, and saw 11 of its levels.
You also visited: Ossuary.

You collected 1443 gold pieces.
You paid 91 gold pieces to Gozag.

Inventory:

Hand Weapons
 a - a +0 shortbow (weapon)
Armour
 c - a +0 robe (worn)
 i - a scarf of repulsion (worn)
Jewellery
 m - an amulet of magic regeneration (around neck)
 n - a +6 ring of dexterity
 q - a ring of resist corrosion
 y - a +6 ring of dexterity (right hand)
 D - a ring of protection from cold (left hand)
 E - an amulet of reflection
Wands
 r - a wand of polymorph (7)
Scrolls
 b - a scroll of enchant weapon {unknown}
 e - 3 scrolls of fear {unknown}
 g - a scroll of enchant armour
 h - a scroll of torment {unknown}
 j - a scroll of immolation
 p - a scroll of blinking
 t - a scroll of amnesia {unknown}
 v - a scroll of identify
 w - a scroll of vulnerability {unknown}
 x - 2 scrolls of teleportation
 C - 2 scrolls of poison {unknown}
Potions
 d - a potion of enlightenment
 f - a potion of magic
 k - a potion of might
 l - 2 potions of curing
 o - 2 potions of berserk rage
 s - a potion of heal wounds
 u - 2 potions of attraction
 z - a potion of cancellation
 A - a potion of brilliance {unknown}
 B - a potion of lignification {unknown}


   Skills:
 - Level 1.5 Fighting
 * Level 15.6 Ranged Weapons
 - Level 11.3 Dodging
 - Level 1.5 Stealth


You had 10 spell levels left.
You didn't know any spells.
Your spell library contained the following spells:

 Spells                   Type           Power      Damage    Failure   Level
 Apportation              Tloc           0%         N/A       32%         1
 Kiss of Death            Conj/Necr      0%         2d5       32%         1
 Necrotise                Necr           0%         1d4       32%         1
 Sting                    Conj/Alch      0%         1d3       32%         1
 Summon Small Mammal      Summ           0%         N/A       32%         1
 Confusing Touch          Hex            0%         N/A       69%         3
 Fugue of the Fallen      Necr           0%         N/A       69%         3
 Gell's Gravitas          Tloc           0%         N/A       69%         3
 Ozocubu's Armour         Ice            0%         N/A       69%         3
 Teleport Other           Tloc           0%         N/A       69%         3
 Volatile Blastmotes      Fire/Tloc      0%         2d10      69%         3
 Dispel Undead            Necr           0%         3d6       97%         4
 Fulminant Prism          Conj/Alch      0%         3d5       97%         4
 Iskenderun's Mystic Bla  Conj/Tloc      0%         2d3       97%         4
 Manifold Assault         Tloc           0%         N/A       97%         4
 Dispersal                Tloc           0%         N/A       100%        6


Dungeon Overview and Level Annotations

Branches:
Dungeon (10/15)            Temple (1/1) D:5            Lair (0/5) D:10
Ossuary (visited)
    Orc: D:9-12

Altars:
Ashenzari
Cheibriados
Dithmenos
Elyvilon
Fedhas
Gozag
Hepliaklqana
Kikubaaqudgha
Makhleb
Nemelex Xobeh
Okawaru
Qazlal
Ru
Sif Muna
Trog
Uskayaw
Vehumet
Wu Jian
Xom
Yredelemnul
Zin
The Shining One

Shops:
D:1 ?   D:3 (

Annotations:
D:5 2 transporters, Larett's ghost, novice SpRe


Innate Abilities, Weirdness & Mutations

You are very small and have problems with some larger weapons.
You are too small for most types of armour.
You have supernaturally acute eyesight. (SInv)
You cover ground extremely quickly. (Speed+++)
You possess an exceptional clarity of mind.
You do not regenerate when monsters are visible.
Your movements are slightly less encumbered by armour. (ER -2)


Message History

The arrow closely misses the polar bear.
You shoot an arrow.
The arrow hits the polar bear but does no damage.
The polar bear is moderately wounded.
You shoot an arrow. The arrow hits the polar bear.
The polar bear is moderately wounded.
You shoot an arrow. The arrow hits the polar bear.
The polar bear is moderately wounded.
You shoot an arrow. The arrow hits the polar bear.
The polar bear is heavily wounded.
You shoot an arrow.
The arrow hits the polar bear but does no damage.
The polar bear is heavily wounded.
You shoot an arrow. The arrow hits the polar bear!
The polar bear is severely wounded.
You shoot an arrow. The arrow hits the polar bear.
The polar bear is severely wounded.
You shoot an arrow. The arrow hits the polar bear.
The polar bear is almost dead.
The polar bear goes berserk!
You shoot an arrow. The arrow barely misses the polar bear.
The polar bear rages.
You shoot an arrow. The arrow hits the polar bear!
The polar bear is almost dead.
You shoot an arrow.
The arrow hits the polar bear but does no damage.
The polar bear is almost dead.
The polar bear attacks as it pursues you!
The polar bear completely misses you. x2; The polar bear claws you.
You shoot an arrow.
The arrow hits the polar bear but does no damage.
The polar bear is almost dead.
The polar bear bites you!!
The polar bear completely misses you. x2
The polar bear attacks as it pursues you!
The polar bear completely misses you. The polar bear claws you.
The polar bear misses you.
The polar bear attacks as it pursues you!
The polar bear bites you!!
You die...
Your body crumbles into a pile of gold.

.......##.# #.# #.#....##.#
#########.# ##.....##.#
#.........# #...#..##.#
#)######### .#......#.## #.#
...........########.#
.#......#...........#
###....##.#################### #
#.....#......h@............#
###....############.####.###.####
.......# #.# #.# #....# ......##
#.# #k###..... .....## #.#
#...k..... ...~## #.# #####.....
...#### #####.# ##...#
......#########.....# #####
#.###...........#####


You could see a polar bear (berserk).

Vanquished Creatures
  2 two-headed ogres
  Pikel (D:9)
  An unseen horror (D:10)
  A hornet (D:9)
  2 polar bears
  2 wyverns
  4 yaks (D:9)
  Edmund (D:4)
  2 water moccasins (D:7)
  2 orc warriors
  2 sky beasts (D:6)
  4 ice beasts
  2 ogres (D:6)
  2 wolves (D:10)
  3 centaurs
  A lemure (D:9)
  An elf zombie (Ossuary)
  A phantom (D:4)
  2 kobold brigands
  5 scorpions
  3 gnoll sergeants
  5 bullfrogs
  26 wights
  4 killer bees (D:9)
  A howler monkey (D:8)
  2 electric eels (D:8)
  A human zombie (Ossuary)
  2 jellies
  6 orc priests
  4 bombardier beetles
  3 centaur zombies (Ossuary)
  4 hounds
  2 iguanas
  3 sleepcaps
  7 orc wizards
  A hound zombie (Ossuary)
  2 mummies (Ossuary)
  19 gnolls
  4 adders
  A ribbon worm zombie (D:4)
  2 ufetubi
  5 adder zombies (Ossuary)
  3 dart slugs (D:1)
  2 ribbon worms
  42 orcs
  11 ball pythons
  5 bats
  9 endoplasms
  3 giant cockroaches
  5 gnoll zombies (Ossuary)
  6 goblins
  6 hobgoblins
  11 kobolds
  4 quokkas
  5 frilled lizards
  8 jackal zombies (Ossuary)
  4 kobold zombies (Ossuary)
  8 orc zombies (Ossuary)
  4 rats
284 creatures vanquished.

Vanquished Creatures (others)
  An orc wizard (D:7)
1 creature vanquished.

Grand Total: 285 creatures vanquished

Notes
Turn   | Place    | Note
-------+----------+-------------------------------------------
     0 | D:1      | ces the Spriggan Hunter began the quest for the Orb.
     0 | D:1      | Reached XP level 1. HP: 10/10 MP: 2/2
    57 | D:1      | Reached XP level 2. HP: 14/14 MP: 3/3
   170 | D:1      | Found Vaytifo's Magic Scroll Shop.
   327 | D:1      | Reached skill level 5 in Ranged Weapons
   332 | D:1      | Reached XP level 3. HP: 18/18 MP: 4/4
   752 | D:2      | Found a white marble altar of Elyvilon.
   892 | D:2      | Reached XP level 4. HP: 15/22 MP: 5/5
   992 | D:2      | Reached skill level 6 in Ranged Weapons
  1341 | D:3      | Found Vacadd's Antique Weapon Shoppe.
  1514 | D:3      | Reached XP level 5. HP: 25/25 MP: 6/6
  2320 | D:3      | Reached skill level 7 in Ranged Weapons
  2618 | D:4      | Noticed a phantom
  2675 | D:4      | Killed a phantom
  2676 | D:4      | Reached XP level 6. HP: 30/30 MP: 7/7
  2762 | D:4      | Noticed Edmund
  2803 | D:4      | Killed Edmund
  2804 | D:4      | Reached skill level 8 in Ranged Weapons
  2965 | D:4      | Found a sand-covered staircase.
  2981 | Ossuary  | Entered an ossuary
  3042 | Ossuary  | Reached XP level 7. HP: 27/33 MP: 8/8
  3315 | Ossuary  | Reached skill level 9 in Ranged Weapons
  3854 | D:5      | Entered Level 5 of the Dungeon
  3893 | D:5      | Found a transporter.
  3894 | D:5      | Found a transporter.
  4222 | D:4      | Reached skill level 10 in Ranged Weapons
  4222 | D:4      | Reached XP level 8. HP: 34/37 MP: 9/9
  4443 | D:5      | Identified the +8 spear "Omyog" {pain, Fly Will+ Dex-3}
  4443 | D:5      | Identified the +6 scale mail "Wadummu" {+Blink rElec Regen+
                  | Str+3}
  4443 | D:5      | Identified the +1 buckler "Kinog" {Str-5 Dex+2 SInv}
  4527 | D:5      | Noticed Larett's ghost (novice SpRe)
  4586 | D:5      | Found a staircase to the Ecumenical Temple.
  4604 | Temple   | Entered the Ecumenical Temple
  4677 | Temple   | Became a worshipper of Gozag Ym Sagoz the Greedy
  5086 | D:6      | Reached skill level 5 in Dodging
  5201 | D:6      | Reached skill level 11 in Ranged Weapons
  5485 | D:6      | Found a sparkling altar of Nemelex Xobeh.
  5626 | D:6      | Reached XP level 9. HP: 38/41 MP: 10/10
  6010 | D:6      | Reached skill level 12 in Ranged Weapons
  6403 | D:7      | Identified the +10 hand axe of Slime {flame, rCorr Int+2
                  | Dex-3}
  7110 | D:7      | You fall into a shaft and drop 1 floor!
  7181 | D:8      | Reached skill level 13 in Ranged Weapons
  7655 | D:8      | Gained mutation: Your movements are slightly less
                  | encumbered by armour. (ER -2) [potion of mutation]
  7655 | D:8      | Gained mutation: You do not regenerate when monsters are
                  | visible. [potion of mutation]
  7655 | D:8      | Gained mutation: You possess an exceptional clarity of
                  | mind. [potion of mutation]
  8641 | D:8      | Reached XP level 10. HP: 46/46 MP: 11/11
  8882 | D:8      | Noticed a two-headed ogre
  9187 | D:8      | Killed a two-headed ogre
  9635 | D:8      | Reached skill level 10 in Dodging
  9846 | D:9      | Found a burning altar of Makhleb.
  9913 | D:9      | Reached skill level 14 in Ranged Weapons
  9964 | D:9      | Noticed Pikel
 10018 | D:9      | Killed Pikel
 10209 | D:10     | Entered Level 10 of the Dungeon
 10295 | D:9      | Found an ornate altar of the Wu Jian Council.
 10691 | D:9      | Found a white marble altar of Elyvilon.
 10713 | D:9      | Found a hide-covered altar of Uskayaw.
 11174 | D:9      | Noticed Jeremiah
 11682 | D:9      | Jeremiah changed into Jeremiah the polar bear
 11682 | D:9      | Noticed Jeremiah
 11875 | D:9      | Killed Jeremiah the polar bear
 12307 | D:10     | Found a staircase to the Lair.
 12524 | D:10     | Reached skill level 15 in Ranged Weapons
 12724 | D:10     | Noticed a two-headed ogre
 12753 | D:10     | Killed a two-headed ogre
 12754 | D:10     | Reached XP level 11. HP: 49/49 MP: 12/12
 13513 | D:10     | Slain by a polar bear

Illustrated notes

Levels and vault maps discovered:
D:1:      minmay_arrival_diagonal_passages, layout_loops_ring, serial_shops,
          shop
D:2:      layout_basic, basic_altar
D:3:      layout_basic, serial_shops,
          nicolae_shop_temple_entry_statues_fountains, serial_bayou_lagoon_a,
          hex_medium, grunt_decor_junction
D:4:      layout_loops_ring, enter_ossuary_3, uniq_edmund
D:5:      layout_cave_pools, minmay_temple_entry_arrows,
          gammafunk_ghost_gnarly_gnolls
D:6:      layout_basic, nemelex_dance_club_becter,
          hangedman_decor_diamond_cutter
D:7:      layout_loops_cross, kennysheep_flooded_box
D:8:      layout_cave_pods, serial_park, serial_park_tiny_1,
          serial_park_fountain, serial_park_square3
          [serial_park_minivault_5x5_6], serial_park_square3
          [serial_park_minivault_5x5_6], serial_park_tiny_pond
D:9:      layout_basic, nicolae_overflow_quartered_altars, uniq_pikel,
          uniq_jeremiah
D:10:     layout_loops_ring, hellmonk_lair_entry_icy
Temple:   minmay_temple_bridge_d

Skill      XL: |  1  2  3  4  5  6  7  8  9 10 |
---------------+-------------------------------+-----
Ranged Weapons | 5 6 7 8 10 11 13 15 | 15.6
Dodging        | 3 6 9 11 | 11.3
Fighting       | |  1.5
Stealth        | |  1.5

Action                     |  1- 3 |  4- 6 |  7- 9 | 10-12 || total
---------------------------+-------+-------+-------+-------++-------
   Fire: Shortbow          |   121 |   200 |   741 |   496 ||  1558
  Evoke: Wand              |       |       |     3 |    13 ||    16
    Use: Scroll            |     3 |     2 |     6 |     4 ||    15
         Potion            |       |       |     3 |     2 ||     5
 Armour: Robe              |     9 |    23 |    72 |    32 ||   136
  Dodge: Dodged            |    50 |    81 |   232 |    95 ||   458
         Repelled          |       |       |     4 |     1 ||     5
